 Dungeon Crawl Stone Soup version 0.17.0-28-g6e173f8 (webtiles) character file.

179 coffecat the Skirmisher (level 5, -1/57 HPs)
             Began as an Ogre Berserker on Nov 27, 2015.
             Was a Believer of Trog.
             Slain by a worker ant (6 damage)
             ... on level 4 of the Dungeon.
             The game lasted 00:09:04 (1436 turns).

coffecat the Skirmisher (Ogre Berserker)            Turns: 1436, Time: 00:09:05

Health: -1/57      AC:  3    Str: 23    XL:     5   Next: 59%
Magic:  5/5        EV: 10    Int:  6    God:    Trog [**....]
Gold:   62         SH:  0    Dex:  9    Spells: 0 memorised, 4 levels left

rFire  . . .     SeeInvis .     a - +0 hand axe
rCold  . . .     Clarity  .     b - +0 animal skin
rNeg   . . .     SustAt   .     (no shield)
rPois  .         Gourm    .     (helmet restricted)
rElec  .         Spirit   .     (no cloak)
rCorr  .         Warding  .     (gloves unavailable)
rMut   .         Stasis   .     (boots unavailable)
MR     .....                    (no amulet)
Stlth  +.........               (no ring)
                                (no ring)

@: lethally poisoned (-1 -> -11), exhausted, slowed, very slow, not resistant to
hostile enchantments, very unstealthy
A: unfitting armour, tough skin 1
a: Berserk, Trog's Hand, Burn Spellbooks, Renounce Religion


You were on level 4 of the Dungeon.
You worshipped Trog.
Trog was pleased with you.
You were not hungry.

You visited 1 branch of the dungeon, and saw 4 of its levels.

You collected 62 gold pieces.

Inventory:

Hand Weapons
 a - a +0 hand axe (weapon)
Armour
 b - a +0 animal skin (worn)
Scrolls
 d - 3 scrolls of identify {unknown}
 h - a scroll of magic mapping {unknown}
Potions
 e - a potion of flight {unknown}
 g - 2 potions of poison {unknown}
Comestibles
 c - 4 bread rations
 f - 2 chunks of flesh


   Skills:
 + Level 5.3 Fighting
 + Level 2.9 Axes
 + Level 4.1 Dodging
 + Level 0.6 Stealth


You had 4 spell levels left.
You didn't know any spells.

Dungeon Overview and Level Annotations

Branches:
Dungeon (4/15)
 Temple: D:4-7

Altars:

Annotations:
D:4 Robin


Innate Abilities, Weirdness & Mutations

You are too large for most types of armour.
You have tough skin (AC +1).


Message History

The goblin shouts!
The hobgoblin shouts!
The goblin shouts!
You hit the worker ant.
The worker ant is almost dead.
You barely miss the goblin.
* * * LOW HITPOINT WARNING * * *
You feel sick. The worker ant barely misses you.
The goblin moves out of view.
The goblin moves out of view.
The goblin hits you but does no damage.
The worker ant bites you but does no damage.
A hobgoblin comes into view. It is wielding a club.
The hobgoblin shouts!
You slash the goblin!
You kill the goblin!
Trog accepts your kill.
You barely miss the worker ant.
The worker ant is almost dead.
* * * LOW HITPOINT WARNING * * *
You feel very sick. Robin throws the goblin at you!
The goblin barely misses you. The worker ant bites you.
You die...

.....?....g ......gg.
#.....gg #......#
#......# ..
#..g...#g.#
#.#..>g...... ###.
#@g.# .##...###a###
...........#
.......##..# .
.......##.$###....
#.........[.......
#......†.#.#.#.###
#####+#######...#.#.#
#........# #...#.# #


You could see a worker ant, Robin, 2 hobgoblins and 6 goblins.

Vanquished Creatures
  2 orc wizards (D:3)
  A worker ant (D:4)
  2 adders (D:3)
  4 gnolls (D:4)
  An ooze (D:2)
  A worm (D:2)
  3 giant geckos
  3 orcs
  A ball python (D:4)
  3 goblins
  6 hobgoblins
  A bat (D:2)
  5 giant newts
  3 kobolds
  2 toadstools (D:1)
38 creatures vanquished.

Vanquished Creatures (others)
  5 toadstools (D:1)
5 creatures vanquished.

Grand Total: 43 creatures vanquished

Notes
Turn   | Place    | Note
--------------------------------------------------------------
     0 | D:1      | coffecat the Ogre Berserker began the quest for the Orb.
     0 | D:1      | Reached XP level 1. HP: 24/24 MP: 1/1
   279 | D:2      | Reached XP level 2. HP: 29/32 MP: 2/2
   459 | D:2      | Reached XP level 3. HP: 9/40 MP: 3/3
   880 | D:2      | Reached ** piety under Trog
   920 | D:3      | Reached XP level 4. HP: 35/49 MP: 4/4
   941 | D:3      | Reached skill level 5 in Fighting
  1287 | D:4      | Reached XP level 5. HP: 57/57 MP: 5/5
  1433 | D:4      | Noticed Robin
  1436 | D:4      | Slain by a worker ant

Action                   |  1- 3 |  4- 6 || total
-------------------------+-------+-------++-------
Melee: Hand axe          |    80 |    50 ||   130
Invok: Berserk           |     1 |     2 ||     3
       Trog's Hand       |       |     1 ||     1
  Eat: Meat ration       |       |     1 ||     1
       Chunk             |       |     1 ||     1
